 Dungeon Crawl Stone Soup version 0.30-a0-459-g9104f0fc43 (webtiles) character file.

Game seed: 3297011639428196733

1262 zishaf the Cleaver (level 8, 0/74 HPs)
             Began as a Minotaur Berserker on Dec 15, 2022.
             Was a Priest of Trog.
             Slain by a gnoll bouda
             ... wielding a +2 whip of venom
              (7 damage)
             ... on level 6 of the Dungeon.
             The game lasted 00:05:20 (4259 turns).

zishaf the Cleaver (Minotaur Berserker)             Turns: 4259, Time: 00:05:21

Health: 0/74       AC:  5    Str: 24    XL:     8   Next: 27%
Magic:  7/7        EV: 15    Int:  4    God:    Trog [***...]
Gold:   93         SH:  0    Dex: 10    Spells: 7/7 levels left

rFire   . . .      SeeInvis .    a - +1 hand axe
rCold   . . .      Faith    .    (no shield)
rNeg    . . .      Spirit   .    c - +0 ring mail
rPois   .          Reflect  .    (helmet restricted)
rElec   .          Harm     .    (no cloak)
rCorr   .          Rampage  .    (no gloves)
Will    +++..                    (no boots)
Stlth   ..........               (no amulet)
HPRegen 1.32/turn                o - +4 ring of evasion
MPRegen 0.10/turn                s - ring of willpower

@: lethally poisoned (0 -> -1), strong-willed, on berserk cooldown, regenerating
A: horns 2, retaliatory headbutt
a: Renounce Religion, Berserk, Trog's Hand


You were on level 6 of the Dungeon.
You worshipped Trog.
Trog was most pleased with you.
You visited 1 branch of the dungeon, and saw 6 of its levels.

You collected 273 gold pieces.
You spent 180 gold pieces at shops.

Inventory:

Hand Weapons
 a - a +1 hand axe (weapon)
Missiles
 h - a throwing net (quivered)
Armour
 b - a +0 animal skin
 c - a +0 ring mail (worn)
 t - a +0 cloak
Jewellery
 o - a +4 ring of evasion (left hand)
 s - a ring of willpower (right hand)
Scrolls
 d - a scroll of blinking
 e - a scroll of poison
 j - a scroll of enchant weapon
 k - 4 scrolls of teleportation
 l - a scroll of magic mapping
 n - a scroll of fog
Potions
 f - 6 potions of curing
 g - 2 potions of haste {unknown}
 i - 3 potions of lignification
 m - a potion of magic
 p - a potion of might {unknown}
 q - a potion of cancellation
 r - 2 potions of heal wounds


   Skills:
 + Level 7.8 Fighting
 * Level 10.4 Axes
 - Level 2.4 Armour
 - Level 2.1 Dodging


You had 7 spell levels left.
You didn't know any spells.
Your spell library was empty.

Dungeon Overview and Level Annotations

Branches:
Dungeon (6/15)
 Temple: D:4-7

Altars:
Ashenzari
Makhleb
Okawaru
Qazlal

Shops:
D:4 ?


Innate Abilities, Weirdness & Mutations

You have a pair of horns on your head.
You reflexively headbutt those who attack you in melee.


Message History

The gnoll is severely wounded.
The gnoll is no longer moving quickly.
The gnoll hits you but does no damage.
You hit the gnoll bouda. Your headbutt misses the gnoll bouda.
The gnoll bouda is lightly wounded.
The gnoll closely misses you.
You slash the gnoll bouda!
The gnoll bouda is severely wounded.
You closely miss the gnoll.
The gnoll is no longer moving quickly.
The gnoll barely misses you. x2
The gnoll misses you. x2
The gnoll bouda hits you with a +2 whip of venom!
* * * LOW HITPOINT WARNING * * *
You are poisoned.
You closely miss the gnoll. You headbutt the gnoll.
The gnoll is severely wounded.
You barely miss the gnoll bouda. You hit the gnoll.
You feel sick. The gnoll hits you with a +0 flail.
* * * LOW HITPOINT WARNING * * *
You hit the gnoll but do no damage.
The gnoll is severely wounded.
You hit the gnoll.
You hit the gnoll bouda but do no damage.
You feel sick. The gnoll barely misses you.
The gnoll bouda barks out a call to the hunt!
The gnolls pick up the pace!
You hit the gnoll but do no damage. You headbutt the gnoll.
You kill the gnoll!
Trog accepts your kill.
You hit the gnoll.
You hit the gnoll bouda but do no damage.
You feel sick. The gnoll completely misses you. You furiously retaliate!
You headbutt the gnoll!
You kill the gnoll!
Trog accepts your kill.
The gnoll bouda hits you with a +2 whip of venom.
* * * LOW HITPOINT WARNING * * *
You hit the gnoll bouda. Your headbutt misses the gnoll bouda.
The gnoll bouda is severely wounded.
The gnoll bouda hits you with a +2 whip of venom!
You die...

#..##....#.......
#######..#............###
###.................####
#.......##..............
###............##.).......
##..##....##....##<.......
#.........#.....#.......#
#.........g).)..........#
#..........@)..........#
##†##..................###..
#.......##..........).......
##.(.....##..................
##..##.....#..................
#..........#........).........
##.................#)).........
##...#..............#...###.....
#..................##....# .....


You could see a gnoll bouda.

Vanquished Creatures
  Edmund (D:6)
  A black bear (D:5)
  2 centaurs (D:5)
  3 necrophages
  A scorpion (D:5)
  3 wights (D:6)
  An orc priest (D:5)
  3 hounds
  2 jellies (D:4)
  2 iguanas
  3 orc wizards (D:5)
  8 gnolls
  4 adders
  A white imp (D:5)
  2 worms
  2 dart slugs (D:4)
  3 orcs
  7 bats
  8 endoplasms
  7 giant cockroaches
  5 goblins
  8 hobgoblins
  3 jackals (D:1)
  3 kobolds
  A quokka (D:3)
  10 ball pythons
  3 frilled lizards
  4 rats
101 creatures vanquished.

Vanquished Creatures (others)
  A plant (D:1)
1 creature vanquished.

Grand Total: 102 creatures vanquished

Notes
Turn   | Place    | Note
-------+----------+-------------------------------------------
     0 | D:1      | zishaf the Minotaur Berserker began the quest for the Orb.
     0 | D:1      | Reached XP level 1. HP: 19/19 MP: 0/0
   209 | D:1      | Reached skill level 4 in Axes
   220 | D:1      | Reached XP level 2. HP: 25/27 MP: 1/1
   398 | D:1      | Found a faded altar of an unknown god.
   454 | D:1      | Reached XP level 3. HP: 32/33 MP: 2/2
   732 | D:2      | Reached ** piety under Trog
  1046 | D:2      | Reached skill level 5 in Axes
  1503 | D:3      | Reached XP level 4. HP: 33/41 MP: 3/3
  2496 | D:4      | Reached skill level 5 in Fighting
  2496 | D:4      | Reached skill level 6 in Axes
  2496 | D:4      | Reached XP level 5. HP: 39/48 MP: 4/4
  2720 | D:4      | Found Guhergh's Magic Scroll Shoppe.
  2767 | D:4      | Bought a scroll of enchant weapon for 90 gold pieces
  2767 | D:4      | Bought a scroll of magic mapping for 90 gold pieces
  2881 | D:4      | Found a broken altar of Ashenzari.
  3052 | D:4      | Reached skill level 7 in Axes
  3053 | D:4      | Reached XP level 6. HP: 51/56 MP: 5/5
  3055 | D:4      | Reached *** piety under Trog
  3261 | D:4      | Found a stormy altar of Qazlal.
  3343 | D:5      | Entered Level 5 of the Dungeon
  3512 | D:5      | Reached skill level 8 in Axes
  3558 | D:5      | Reached XP level 7. HP: 50/64 MP: 6/6
  3683 | D:5      | Reached skill level 9 in Axes
  3749 | D:5      | Found a burning altar of Makhleb.
  3750 | D:5      | Found an iron altar of Okawaru.
  4214 | D:6      | Noticed Edmund
  4220 | D:6      | Reached skill level 10 in Axes
  4220 | D:6      | Reached XP level 8. HP: 59/73 MP: 7/7
  4229 | D:6      | Killed Edmund
  4259 | D:6      | Slain by a gnoll bouda

Illustrated notes

Levels and vault maps discovered:
D:1:      mrwooster_arrival_statue_3, layout_loops_ring,
          nicolae_ecumenical_snake_handling, hangedman_decor_growths,
          serial_bayou_pond_c, minmay_tetromino_s2
D:2:      layout_loops_ring, serial_aquarium, aquarium_bridge_square
          [aquarium_subvault_wall, aquarium_subvault_balcony,
          aquarium_subvault_bridge, aquarium_subvault_bridge],
          aquarium_window_corridor_1, aquarium_window_2, aquarium_view_2f,
          aquarium_view_2c, aquarium_balcony_5a, roderic_serpentine_path
D:3:      layout_loops_corners, kennysheep_big_empty_room, roderic_malta_cross,
          minmay_randomly_rotated_circles
D:4:      minmay_evil_eye, layout_loops_ring, kennysheep_mini,
          nicolae_overflow_crystal_walls, nicolae_inconvenience_store
D:5:      layout_basic, amethyst_overflow_temple_binary
D:6:      layout_cave_pools, nicolae_dithmenos_through_a_glass_darkly,
          minmay_manual_moon, uniq_eustachio, uniq_edmund

Skill      XL: |  1  2  3  4  5  6  7 |
---------------+----------------------+-----
Axes           | 4 5 6 7 8 10 | 10.4
Fighting       | 4 5 6 7 |  7.8
Armour         | |  2.4
Dodging        | |  2.1

Action                   |  1- 3 |  4- 6 |  7- 9 || total
-------------------------+-------+-------+-------++-------
Melee: Hand axe          |    65 |   113 |    50 ||   228
       Headbutt          |    10 |    18 |     7 ||    35
       Punch             |     2 |       |     1 ||     3
Invok: Berserk           |       |       |     1 ||     1
       Trog's Hand       |       |       |     1 ||     1
  Use: Scroll            |       |    15 |       ||    15
Armor: Ring mail         |    23 |    23 |    10 ||    56
Dodge: Dodged            |    30 |    81 |    47 ||   158

Table legend: (Time is in decaauts)
 A = Elapsed time spent in this place.
 B = Non-inter-level travel time spent in this place.
 C = Inter-level travel time spent in this place.
 D = Time resting spent in this place.
 E = Time spent auto-exploring this place.
 F = Levels seen in this place.
 G = Mean time per level.
                   A        B        C        D        E       F      G
               +--------+--------+--------+--------+--------+-----+--------+
         Total |   4262 |   4184 |     78 |      1 |   3621 |   6 |  710.3 |
       Dungeon |   4262 |   4184 |     78 |      1 |   3621 |   6 |  710.3 |
               +--------+--------+--------+--------+--------+-----+--------+

Top non-repeatable levels by time:
     D:3: 1031 daAuts
     D:4: 863 daAuts
     D:2: 786 daAuts
     D:5: 786 daAuts
     D:1: 671 daAuts
     D:6: 123 daAuts
